 Dungeon Crawl Stone Soup version 0.28-a0-751-gef3a642a4e (webtiles) character file.

Game seed: 7549718700282852118

200140 porpoise the Eclecticist (level 17, -1/96 HPs)
             Began as a Deep Elf Conjurer on Oct 29, 2021.
             Was the Champion of Vehumet.
             Slain by a six-headed hydra (13 damage)
             ... called by a spriggan druid
             ... on level 4 of the Swamp on Oct 31, 2021.
             The game lasted 04:12:11 (49893 turns).

porpoise the Eclecticist (Deep Elf Conjurer)       Turns: 49893, Time: 04:12:12

Health: -1/96      AC: 11    Str: 15    XL:     17   Next: 87%
Magic:  41/41      EV: 19    Int: 36    God:    Vehumet [******]
Gold:   2081       SH:  8    Dex: 17    Spells: 10/52 levels left

rFire   + + +      SeeInvis +   b - staff of fire
rCold   + . .      Faith    .   D - +2 buckler
rNeg    . . .      Spirit   .   N - +1 robe "Mapav" {Str-3 Int+8}
rPois   +          Reflect  .   K - +0 hat {SInv}
rElec   .          Harm     .   c - scarf {rC+ rF+}
rCorr   .          Rampage  .   y - +4 pair of gloves of Hubris {Regen+}
Will    +....                   J - +2 pair of boots
Stlth   +++.......              S - amulet of Rer Cuen {RegenMP rF+}
HPRegen 1.26/turn               B - ring "Ujogoyso" {Fire Str+9 Dex+4 Stlth-}
MPRegen 0.52/turn               l - ring of Irubirph {Ice Fly rPois Str+2}

@: flying
A: no striking features
}: 1/15 runes: gossamer
a: Renounce Religion


You were on level 4 of the Swamp.
You worshipped Vehumet.
Vehumet was exalted by your worship.
You visited 6 branches of the dungeon, and saw 29 of its levels.
You also visited: Ice Cave.

You collected 2612 gold pieces.
You spent 531 gold pieces at shops.

Inventory:

Missiles
 n - 2 atropa-tipped darts
Armour
 c - a scarf of resistance (worn)
 y - the +4 pair of gloves of Hubris (worn) {Regen+}
   (You found it on level 3 of the Spider Nest)

   Regen:     It increases your rate of health regeneration.
 D - a +2 buckler (worn)
 J - a +2 pair of boots (worn)
 K - a +0 hat of see invisible (worn)
 N - the +1 robe "Mapav" (worn) {Str-3 Int+8}
   (You bought it in a shop on level 10 of the Dungeon)

   Str:       It affects your strength (-3).
   Int:       It affects your intelligence (+8).
Magical Staves
 a - a staff of earth
 b - a staff of fire (weapon)
 w - a staff of cold
Jewellery
 h - an amulet of the acrobat
 j - a ring of flight
 l - the ring of Irubirph (right hand) {Ice Fly rPois Str+2}
   (You found it in an ice cave)

   [ring of ice]

   It enhances your ice magic.
   Str:       It affects your strength (+2).
   rF:        It makes you vulnerable to fire.
   rC:        It protects you from cold.
   rPois:     It protects you from poison.
   Fly:       It grants you flight.
 p - a ring of resist corrosion
 z - a ring of fire
 B - the ring "Ujogoyso" (left hand) {Fire Str+9 Dex+4 Stlth-}
   (You found it on level 6 of the Dungeon)

   [ring of fire]

   It enhances your fire magic.
   Str:       It affects your strength (+9).
   Dex:       It affects your dexterity (+4).
   rF:        It protects you from fire.
   rC:        It makes you vulnerable to cold.
   Stlth:     It makes you less stealthy.
 E - a +6 ring of dexterity
 G - a ring of protection from fire
 H - a ring of positive energy
 S - the amulet of Rer Cuen (around neck) {RegenMP rF+}
   (You acquired it on level 3 of the Swamp)

   [amulet of magic regeneration]

   It increases your rate of magic regeneration.
   rF:        It protects you from fire.
Wands
 o - a wand of polymorph (29)
 q - a wand of mindburst (26)
 u - a wand of paralysis (9)
 C - a wand of iceblast (16)
 R - a wand of charming (3)
Scrolls
 e - 13 scrolls of identify
 f - 4 scrolls of silence
 k - 3 scrolls of fear
 m - 6 scrolls of blinking
 r - 10 scrolls of magic mapping
 s - 2 scrolls of summoning
 t - 4 scrolls of fog
 F - 9 scrolls of teleportation
 I - a scroll of immolation
 P - a scroll of enchant armour
Potions
 d - 6 potions of lignification
 g - 10 potions of heal wounds
 v - 8 potions of attraction
 x - 6 potions of haste
 A - a potion of magic
 L - a potion of might
 M - 2 potions of invisibility
 O - 9 potions of ambrosia
 Q - 9 potions of curing
Miscellaneous
 i - a box of beasts (quivered)


   Skills:
 - Level 7.0 Fighting
 - Level 5.0 Armour
 - Level 12.0 Dodging
 - Level 9.0 Stealth
 - Level 7.0 Shields
 - Level 18.0 Spellcasting
 - Level 12.0 Conjurations
 - Level 12.0 Hexes
 + Level 10.8 Translocations
 - Level 5.0 Transmutations
 + Level 11.4 Fire Magic
 - Level 12.0 Earth Magic
 - Level 9.0 Poison Magic
 - Level 7.0 Evocations


You had 10 spell levels left.
You knew the following spells:

 Your Spells              Type           Power      Damage    Failure   Level
a - Orb of Destruction    Conj           43%        9d14      1%          7
b - Searing Ray           Conj           100%       2d8       0%          2
c - Fulminant Prism       Conj/Hex       43%        3d20      1%          4
d - Iskenderun's Mystic   Conj/Tloc      85%        2d17      1%          4
e - Iron Shot             Conj/Erth      43%        9d8       1%          6
f - Fireball              Conj/Fire      66%        3d25      1%          5
i - Ignite Poison         Fire/Tmut/Pois 100%       N/A       1%          3
o - Olgreb's Toxic Radia  Pois           77%        N/A       1%          4
s - Stone Arrow           Conj/Erth      100%       3d13      0%          3
w - Flame Wave            Conj/Fire      100%       3d16      1%          4

Your spell library contained the following spells:

 Spells                   Type           Power      Damage    Failure   Level
 Ozocubu's Refrigeration  Ice            24%        4d9       88%         7
 Magic Dart               Conj           100%       1d8       0%          1
 Sandblast                Erth           100%       2d20      0%          1
 Dazzling Flash           Conj/Hex       100%       N/A       0%          3
 Pain                     Necr           100%       1d9       1%          1
 Sting                    Tmut/Pois      100%       1d8       1%          1
 Ensorcelled Hibernation  Hex/Ice        100%       N/A       1%          2
 Poisonous Vapours        Pois/Air       100%       N/A       1%          2
 Wereblood                Tmut           62%        N/A       1%          2
 Conjure Flame            Conj/Fire      100%       6-21      1%          3
 Frozen Ramparts          Ice            96%        1d11      1%          3
 Mephitic Cloud           Conj/Pois/Air  70%        N/A       1%          3
 Summon Guardian Golem    Hex/Summ       66%        N/A       1%          3
 Petrify                  Tmut/Erth      76%        N/A       1%          4
 Freezing Cloud           Conj/Ice/Air   37%        6-21      1%          5
 Invisibility             Hex            43%        N/A       1%          6
 Metabolic Englaciation   Hex/Ice        42%        N/A       2%          5
 Eringya's Noxious Bog    Tmut/Pois      35%        N/A       2%          6
 Ozocubu's Armour         Ice            48%        N/A       3%          3
 Ice Form                 Ice/Tmut       66%        N/A       3%          4
 Summon Forest            Summ/Tloc      31%        N/A       3%          5
 Statue Form              Tmut/Erth      50%        N/A       4%          6
 Lehudib's Crystal Spear  Conj/Erth      43%        10d11     13%         8
 Spellforged Servitor     Conj/Summ      33%        N/A       19%         7
 Agony                    Necr           32%        N/A       28%         5
 Excruciating Wounds      Necr           16%        N/A       28%         5
 Discord                  Hex            43%        N/A       43%         8
 Shatter                  Erth           43%        3d34*     85%         9
 Fire Storm               Conj/Fire      66%        8d17      88%         9
 Summon Hydra             Summ           16%        N/A       100%        7
 Borgnjor's Revivificati  Necr           16%        N/A       100%        8
 Necromutation            Tmut/Necr      25%        N/A       100%        8
 Chain Lightning          Conj/Air       33%        3d44      100%        9
 Death's Door             Necr           16%        N/A       100%        9


Dungeon Overview and Level Annotations

Branches:
Dungeon (12/15)            Temple (1/1) D:4            Lair (6/6) D:8
  Swamp (4/4) Lair:2       Spider (4/4) Lair:4        Slime (0/5) Lair:5
    Orc (2/2) D:10            Elf (0/3) Orc:2         IceCv (visited)

Altars:
Dithmenos
Elyvilon
Fedhas
Gozag
Makhleb
Okawaru
Qazlal
Ru
Sif Muna
Trog
Uskayaw
Vehumet
Wu Jian
Xom
Zin
The Shining One
Jiyva

Shops:
D:2 (   D:5 *   D:8 *   D:10 [   Orc:2 ((=*

Portals:
Trove: D:11 (give +5 ice dragon scales)

Annotations:
D:8 fly shop
D:10 2 transporters - slimes-Jivya altar
Lair:3 1 runed translucent door, Jempith's ghost, journeyman MiFi
Swamp:2 3 runed translucent doors, Feimod's ghost, adept SpEn; pdpol's ghost, adept HOAK
Swamp:4 Nikola


Message History

The iron shot hits the alligator!!
The alligator is almost dead.
Unknown command.
Casting: Iron Shot (dangerous; 1% risk of failure)
Confirm with . or Enter, or press ? or * to list all spells.
You erupt in a blast of force!
The mystic blast hits the alligator!
You kill the alligator!
Vehumet accepts your kill.
You feel your power returning.
Unknown command.
You start resting.
HP restored.
You start resting.
Magic restored.
You fly downwards.
Level annotation: Nikola You block the spriggan druid's attack.
You block the six-headed hydra's attack.
The six-headed hydra bites you. The six-headed hydra bites you!
The six-headed hydra completely misses you.
The six-headed hydra closely misses you.
The six-headed hydra bites you.
The spriggan druid hits you but does no damage.
The spriggan rider misses you. The six-headed hydra barely misses you.
The six-headed hydra closely misses you.
The six-headed hydra bites you but does no damage. x2
The six-headed hydra completely misses you.
The six-headed hydra bites you!
There is a stone staircase leading up, spattered with blood here.
The swamp dragon bites you! You block the swamp dragon's attack.
The swamp dragon tramples you!
You hold your ground!
The spriggan druid completely misses you.
The spriggan rider hits you from afar with a +0 spear. x2
The six-headed hydra closely misses you.
The six-headed hydra bites you! x3
* * * LOW HITPOINT WARNING * * *
The six-headed hydra bites you!
* * * LOW HITPOINT WARNING * * *
The six-headed hydra bites you!
You die...

#≈≈≈.≈♣♣
##≈....≈♣♣
##≈^§≈...≈♣♣
♣.≈≈≈≈≈≈..≈♣
♣.≈≈≈≈D≈≈≈.♣♣
♣≈≈≈≈.≈≈≈≈.♣
♣.iD..≈≈§.♣
♣≈@≈≈≈≈≈♣ ≈
≈≈≈...≈iD≈≈≈≈.♣
♣
≈≈≈...≈≈ii≈≈≈≈♣
♣
≈.≈♣♣♣≈≈≈§≈≈≈≈♣
# ≈. ♣.≈≈≈≈.♣≈♣
. ≈ ?§≈≈≈≈..♣♣
♣ ≈≈≈≈≈≈≈≈.≈ ≈
..≈≈≈≈≈≈§.♣ ♣


You could see a six-headed hydra, 2 swamp dragons, 2 spriggan riders, a spriggan
druid and a spriggan.

Vanquished Creatures
  Bai Suzhen (Spider:4)
  Jorgrun (Swamp:3)
  Mlioglotl (Swamp:2)
  3 thorn hunters
  Gastronok (Lair:3)
  A fenstrider witch (Swamp:2)
  Roxanne (Swamp:1)
  An azure jelly (IceCv)
  4 ghost moths
  3 emperor scorpions
  An orc warlord (Orc:2)
  Aizul (Swamp:1)
  A vampire knight (Swamp:4)
  An entropy weaver (Spider:3)
  4 spark wasps
  4 bunyips
  6 eleionomae
  Josephine (Orc:2)
  Fannar (D:10)
  Harold (D:8)
  2 ghost crabs
  3 boulder beetles
  18 hydras
  A death knight (D:12)
  A catoblepas (Lair:6)
  6 alligators
  The ghost of Jamaujis the Martial Artist, a journeyman DsGl of Hepliaklqana (Lair:1)
  4 two-headed ogres
  9 death yaks (Lair:6)
  Urug (Lair:2)
  4 orc high priests (Orc:2)
  8 spriggans
  4 skeletal warriors
  The ghost of Thraspic the Cruncher, a novice FoFi of Dithmenos (D:6)
  6 goliath frogs
  8 bog bodies
  4 spriggan druids
  5 swamp dragons
  6 orc knights
  A spectral hydra (Swamp:3)
  16 orb spiders
  A lindwurm (Lair:4)
  An oklob plant (Lair:3)
  27 wolf spiders
  5 orc sorcerers
  2 ugly things
  3 cyclopes
  21 slime creatures
  4 manticores (D:12)
  The ghost of RancidPinata the Skirmisher, a novice GrGl of Okawaru (D:8)
  3 centaur zombies
  8 black mambas
  6 elephants (Lair:6)
  2 moths of wrath
  2 will-o-the-wisps
  A torpor snail (Spider:2)
  A guardian serpent (Lair:6)
  2 ice statues (IceCv)
  A gargoyle (D:12)
  13 cane toads
  5 rime drakes
  An unseen horror (D:11)
  7 komodo dragons
  18 demonic crawlers
  38 jumping spiders
  An entropy weaver simulacrum (IceCv)
  2 trolls
  4 polar bears
  16 hornets
  A bloated husk (Swamp:1)
  5 tyrant leeches
  9 dream sheep
  26 blink frogs
  41 redbacks
  A shadow (D:10)
  21 tarantellas
  5 basilisks
  47 yaks
  3 vampires
  5 wraiths
  7 wyverns
  Eustachio (D:4)
  2 steam dragons (Lair:2)
  12 vampire mosquitoes
  Menkaure (D:7)
  4 wargs
  17 swamp worms
  33 water moccasins
  2 demonic crawler simulacra (IceCv)
  3 ugly thing simulacra (IceCv)
  31 orc warriors
  5 black bears
  A swamp drake (Swamp:4)
  5 ice beasts
  2 centaurs
  18 wolves
  7 ogres
  2 necrophages
  2 kobold brigands
  Blork the orc (D:4)
  13 bullfrogs
  A gnoll sergeant (D:7)
  4 scorpions
  3 glowing shapeshifter simulacra (IceCv)
  A water moccasin skeleton (D:5)
  6 killer bees (D:9)
  7 wights
  3 electric eels
  7 jellies
  24 orc priests
  2 gnoll shamans
  5 hounds
  3 iguanas (D:4)
  27 orc wizards
  A bullfrog simulacrum (D:6)
  A centaur simulacrum (D:6)
  A hound skeleton (D:4)
  6 adders
  9 gnolls
  5 white imps
  2 adder skeletons
  A worm (D:2)
  84 orcs
  5 ball pythons
  15 endoplasms
  3 giant cockroaches
  7 goblins
  7 hobgoblins
  3 quokkas
  5 bats (D:1)
  2 frilled lizards
  17 kobolds
  5 rats
  6 briar patches (Swamp:2)
  A fulminant prism (D:11)
955 creatures vanquished.

Vanquished Creatures (collateral kills)
  A slime creature (IceCv)
1 creature vanquished.

Vanquished Creatures (others)
  A polar bear (Lair:5)
  A water moccasin (Lair:1)
  A bush (Lair:6)
  4 foxfires (Swamp:3)
  301 fulminant prisms
  64 fungi
  160 plants
  4 withered plants (Swamp:2)
536 creatures vanquished.

Grand Total: 1492 creatures vanquished

Notes
Turn   | Place    | Note
-------+----------+-------------------------------------------
     0 | D:1      | porpoise the Deep Elf Conjurer began the quest for the Orb.
     0 | D:1      | Reached XP level 1. HP: 10/10 MP: 6/6
    58 | D:1      | You fall into a shaft and drop 1 floor!
   337 | D:1      | Reached XP level 2. HP: 15/15 MP: 5/8
   366 | D:1      | Learned a level 2 spell: Searing Ray
   997 | D:1      | Reached skill level 4 in Spellcasting
  1085 | D:1      | Reached skill level 5 in Conjurations
  1239 | D:1      | Reached XP level 3. HP: 19/19 MP: 7/10
  1818 | D:2      | Found Coudioc's Antique Weapon Boutique.
  2115 | D:3      | Reached XP level 4. HP: 24/24 MP: 4/12
  2859 | D:4      | Reached skill level 5 in Spellcasting
  3015 | D:4      | Found a shimmering altar of Xom.
  3159 | D:4      | Found a staircase to the Ecumenical Temple.
  3165 | D:4      | Noticed an ogre
  3169 | Temple   | Entered the Ecumenical Temple
  3205 | Temple   | Became a worshipper of Vehumet
  3219 | D:4      | Killed an ogre
  3220 | D:4      | Reached XP level 5. HP: 28/28 MP: 9/15
  3310 | D:4      | Reached skill level 6 in Spellcasting
  3688 | D:4      | Noticed Eustachio
  3699 | D:4      | Killed Eustachio
  3700 | D:4      | Reached XP level 6. HP: 32/32 MP: 6/17
  3774 | D:4      | Noticed an ice beast
  3784 | D:4      | Learned a level 4 spell: Fulminant Prism
  3789 | D:4      | Learned a level 4 spell: Iskenderun's Mystic Blast
  3799 | D:4      | Killed an ice beast
  3800 | D:4      | Reached skill level 7 in Spellcasting
  3800 | D:4      | Reached skill level 1 in Hexes
  3800 | D:4      | Reached skill level 1 in Translocations
  3866 | D:4      | Noticed Blork the orc
  3871 | D:4      | Killed Blork the orc
  3872 | D:4      | Reached XP level 7. HP: 20/36 MP: 11/19
  4837 | D:5      | Entered Level 5 of the Dungeon
  5467 | D:5      | Reached * piety under Vehumet
  5467 | D:5      | Offered knowledge of Freeze by Vehumet.
  5468 | D:5      | Reached skill level 5 in Hexes
  5483 | D:5      | Reached XP level 8. HP: 39/41 MP: 7/20
  5875 | D:5      | Identified the +1 leather armour of Fortitude {Regen+}
  5943 | D:5      | Reached skill level 5 in Translocations
  6425 | D:5      | Found Wureuzug's General Store.
  6790 | D:6      | Reached skill level 1 in Fighting
  6935 | D:6      | Found a runed translucent gate.
  6935 | D:6      | Found a runed translucent gate.
  6935 | D:6      | Found a runed translucent gate.
  7147 | D:6      | Noticed Thraspic's ghost (novice FoFi)
  8320 | D:7      | Reached skill level 8 in Spellcasting
  8585 | D:7      | Reached skill level 1 in Shields
  8585 | D:7      | Reached XP level 9. HP: 27/51 MP: 16/23
  8757 | D:7      | Noticed Menkaure
  8761 | D:7      | Killed Menkaure
  8880 | D:7      | Reached skill level 9 in Spellcasting
 10115 | D:8      | Found a runed translucent door.
 10117 | D:8      | Noticed RancidPinata's ghost (novice GrGl)
 10247 | D:8      | Found a staircase to the Lair.
 10266 | D:8      | Reached skill level 10 in Spellcasting
 10313 | D:8      | Reached skill level 11 in Spellcasting
 10316 | D:8      | Offered knowledge of Poisonous Vapours by Vehumet.
 10557 | D:8      | Noticed Harold
 10570 | D:8      | Reached ** piety under Vehumet
 10746 | D:8      | Killed Harold
 10747 | D:8      | Reached skill level 12 in Spellcasting
 10747 | D:8      | Reached XP level 10. HP: 36/58 MP: 17/28
 11117 | D:8      | Found Suon's Island Escapes.
 11534 | D:9      | Noticed a two-headed ogre
 11642 | D:9      | Killed a two-headed ogre
 11643 | D:9      | Reached skill level 5 in Fighting
 11941 | D:9      | Offered knowledge of Inner Flame by Vehumet.
 12518 | D:9      | Noticed a two-headed ogre
 12524 | D:9      | Killed a two-headed ogre
 12863 | D:10     | Entered Level 10 of the Dungeon
 12900 | D:10     | Reached skill level 1 in Evocations
 13179 | D:10     | Found Wyherphank's Antique Armour Emporium.
 13196 | D:10     | Reached *** piety under Vehumet
 13272 | D:10     | Bought an opalescent robe for 148 gold pieces
 13272 | D:10     | Identified the +1 robe "Mapav" {Str-3 Int+8} (You bought it
                  | in a shop on level 10 of the Dungeon)
 13909 | D:10     | Found a transporter.
 13926 | D:10     | Noticed a glowing orange brain
 14032 | D:10     | Identified the +2 scale mail "Etafipta" {rF+ rC+ SInv}
 14128 | D:10     | Found a staircase to the Orcish Mines.
 14287 | D:11     | Reached XP level 11. HP: 63/63 MP: 20/29
 14288 | D:11     | Noticed a skeletal warrior
 14326 | D:11     | Noticed a skeletal warrior
 14326 | D:11     | Noticed a skeletal warrior
 14365 | D:11     | Noticed a two-headed ogre
 14369 | D:11     | Killed a two-headed ogre
 14576 | D:11     | Noticed Fannar
 14884 | D:11     | Upgraded the game from 0.28-a0-730-g892d06dc2c to
                  | 0.28-a0-750-g7c675f85b1
 14897 | D:10     | Killed Fannar
 14898 | D:10     | Reached skill level 5 in Evocations
 15075 | Lair:1   | Entered Level 1 of the Lair of Beasts
 15341 | Lair:1   | Reached skill level 5 in Shields
 15341 | Lair:1   | Reached skill level 13 in Spellcasting
 15341 | Lair:1   | Reached XP level 12. HP: 36/68 MP: 29/31
 15596 | Lair:1   | Found a runed translucent door.
 15694 | Lair:1   | Reached skill level 5 in Stealth
 16091 | Lair:1   | Offered knowledge of Hailstorm by Vehumet.
 16524 | Lair:1   | Reached **** piety under Vehumet
 16656 | Lair:1   | Noticed Jamaujis's ghost (journeyman DsGl)
 16780 | Lair:1   | Offered knowledge of Iskenderun's Battlesphere by Vehumet.
 17195 | Lair:2   | Reached skill level 14 in Spellcasting
 17413 | Lair:2   | Found a frozen archway.
 17424 | IceCv    | Entered an ice cave
 18197 | IceCv    | Reached XP level 13. HP: 72/72 MP: 25/33
 18765 | IceCv    | Noticed an azure jelly
 18786 | IceCv    | Killed an azure jelly
 18787 | IceCv    | Reached skill level 10 in Hexes
 20647 | IceCv    | Found a viscous altar of Jiyva.
 20669 | IceCv    | Got the Almanac of the Snowflakes
 20675 | IceCv    | Got the ring of Irubirph {Ice Fly rPois Str+2}
 21698 | Lair:2   | Noticed Urug
 21712 | Lair:2   | Killed Urug
 22048 | Lair:2   | Found a staircase to the Swamp.
 22062 | Lair:2   | Learned a level 4 spell: Olgreb's Toxic Radiance
 22066 | Lair:2   | Learned a level 3 spell: Ignite Poison
 22421 | D:6      | Killed Thraspic's ghost
 22422 | D:6      | Reached skill level 1 in Poison Magic
 22521 | D:6      | Got the ring "Ujogoyso" {Fire Str+9 Dex+4 Stlth-}
 23831 | Lair:3   | Noticed Gastronok
 23840 | Lair:3   | Killed Gastronok
 23959 | Lair:3   | Identified a scroll of acquirement
 23959 | Lair:3   | Acquired the Volume of Ignition and Clay
 23965 | Lair:3   | Learned a level 3 spell: Stone Arrow
 24116 | Lair:3   | Found a runed translucent door.
 24120 | Lair:3   | Identified the +4 trident "Jazaphem" {vorpal, Drain rCorr
                  | Dex+2}
 24120 | Lair:3   | Noticed Jempith's ghost (journeyman MiFi)
 24426 | D:8      | Killed RancidPinata's ghost
 24427 | D:8      | Reached skill level 5 in Poison Magic
 24555 | D:8      | Bought a scroll of blinking for 97 gold pieces
 24555 | D:8      | Bought a potion of invisibility for 104 gold pieces
 24555 | D:8      | Bought a scroll of fog for 26 gold pieces
 24661 | D:10     | Found a transporter.
 24662 | D:10     | Found a viscous altar of Jiyva.
 24771 | Lair:1   | Killed Jamaujis's ghost
 25253 | Lair:4   | Reached XP level 14. HP: 82/82 MP: 22/34
 25434 | Lair:4   | Found a hole to the Spider Nest.
 25588 | Lair:4   | Identified the +0 scale mail of Oriypn {rN+ Int+3 Dex+4}
 26077 | Lair:5   | Reached ***** piety under Vehumet
 26079 | Lair:5   | Offered knowledge of Flame Wave by Vehumet.
 26203 | Lair:4   | Learned a level 4 spell: Flame Wave
 27261 | Lair:5   | Identified the +1 scale mail of Dishonour {Fly rF+ rC++
                  | rCorr}
 27395 | Lair:5   | Found a staircase to the Slime Pits.
 28092 | Lair:1   | Learned a level 6 spell: Iron Shot
 28342 | D:11     | Reached skill level 1 in Earth Magic
 28711 | D:11     | Reached skill level 1 in Fire Magic
 29366 | D:11     | Found a portal to a secret trove of treasure.
 30148 | D:12     | Reached skill level 5 in Earth Magic
 30373 | D:12     | Found a viscous altar of Jiyva.
 30764 | Orc:1    | Entered Level 1 of the Orcish Mines
 31085 | Orc:2    | Entered Level 2 of the Orcish Mines
 31100 | Orc:2    | Reached skill level 5 in Fire Magic
 31305 | Orc:2    | Found Rueh's Weapon Shoppe.
 31460 | Orc:2    | Offered knowledge of Lightning Bolt by Vehumet.
 32440 | Orc:2    | Found a staircase to the Elven Halls.
 32694 | Orc:2    | Noticed an orc warlord
 32705 | Orc:2    | Killed an orc warlord
 32706 | Orc:2    | Reached XP level 15. HP: 82/86 MP: 19/35
 33396 | Orc:2    | Noticed Josephine
 33400 | Orc:2    | Killed Josephine
 33702 | Orc:2    | Offered knowledge of Starburst by Vehumet.
 33849 | Orc:2    | Found Odi Zoe's Antique Armour Shoppe.
 33850 | Orc:2    | Found Rutwullue's Antique Weapon Emporium.
 33852 | Orc:2    | Found Oclas's General Store.
 33852 | Orc:2    | Found Luacithi's Jewellery Shoppe.
 33882 | Orc:2    | Reached ****** piety under Vehumet
 34136 | D:5      | Bought a potion of heal wounds for 60 gold pieces
 34136 | D:5      | Bought a potion of magic for 96 gold pieces
 34328 | Lair:6   | Entered Level 6 of the Lair of Beasts
 34641 | Lair:6   | Reached skill level 10 in Dodging
 34692 | Lair:6   | Reached skill level 10 in Conjurations
 35824 | Lair:6   | Offered knowledge of Conjure Ball Lightning by Vehumet.
 36836 | Lair:6   | Reached skill level 1 in Transmutations
 37164 | Lair:1   | Upgraded the game from 0.28-a0-750-g7c675f85b1 to
                  | 0.28-a0-751-gef3a642a4e
 37210 | Spider:1 | Entered Level 1 of the Spider Nest
 38219 | Spider:1 | Reached XP level 16. HP: 92/92 MP: 33/36
 38515 | Spider:1 | Reached skill level 5 in Transmutations
 38534 | Spider:1 | Offered knowledge of Fireball by Vehumet.
 38547 | Spider:1 | Learned a level 5 spell: Fireball
 39697 | Spider:2 | Reached skill level 15 in Spellcasting
 40089 | Spider:2 | Reached skill level 10 in Earth Magic
 41892 | Spider:3 | Identified the +4 pair of gloves of Hubris {Regen+}
 42095 | Spider:4 | Entered Level 4 of the Spider Nest
 42131 | Spider:4 | Reached skill level 16 in Spellcasting
 42724 | Spider:4 | Offered knowledge of Yara's Violent Unravelling by Vehumet.
 43550 | Spider:4 | Reached skill level 17 in Spellcasting
 43749 | Spider:4 | Noticed Bai Suzhen
 43763 | Spider:4 | Killed Bai Suzhen
 44522 | Spider:4 | Learned a level 7 spell: Orb of Destruction
 44824 | Spider:4 | Reached skill level 18 in Spellcasting
 44824 | Spider:4 | Reached XP level 17. HP: 74/96 MP: 17/41
 45002 | Spider:4 | Reached skill level 1 in Armour
 45290 | Spider:4 | Got a gossamer rune of Zot
 45541 | Swamp:1  | Entered Level 1 of the Swamp
 45543 | Swamp:1  | Noticed Aizul
 45635 | Swamp:1  | Killed Aizul
 45870 | Swamp:1  | Identified Roxanne's Compendium of the Rocks
 45870 | Swamp:1  | Noticed Roxanne
 45877 | Swamp:1  | Killed Roxanne
 46656 | Swamp:1  | Offered knowledge of Ozocubu's Refrigeration by Vehumet.
 47837 | Swamp:2  | Reached skill level 5 in Armour
 48013 | Swamp:2  | Found a runed translucent gate.
 48014 | Swamp:2  | Found a runed translucent gate.
 48015 | Swamp:2  | Found a runed translucent gate.
 48016 | Swamp:2  | Noticed pdpol's ghost (adept HOAK)
 48016 | Swamp:2  | Noticed Feimod's ghost (adept SpEn)
 48340 | Swamp:3  | Noticed Mlioglotl
 48356 | Swamp:2  | Killed Mlioglotl
 48357 | Swamp:2  | Reached skill level 10 in Fire Magic
 48550 | Swamp:3  | Acquired Sif Muna's Compendium of Unstable Hexes
 48623 | Swamp:3  | Noticed Jorgrun
 48639 | Swamp:3  | Killed Jorgrun
 49062 | Swamp:3  | Acquired the amulet of Rer Cuen {RegenMP rF+}
 49405 | Swamp:4  | Entered Level 4 of the Swamp
 49405 | Swamp:4  | Noticed Nikola
 49482 | Swamp:4  | Reached skill level 10 in Translocations
 49893 | Swamp:4  | Slain by a six-headed hydra

Illustrated notes

Levels and vault maps discovered:
D:1:      dpeg_arrival_round_a, layout_basic, minmay_misc_feat_encased,
          serial_bayou_ford_a
D:2:      layout_loops_ring, serial_shops, shop, small_statue_intersection,
          hangedman_decor_points
D:3:      layout_basic
D:4:      layout_basic, lemuel_tele_altar, minmay_temple_entry_sparse_star,
          uniq_eustachio, uniq_blork_the_orc
D:5:      layout_layer_cave, serial_shops, nicolae_shop_behind_doors,
          grunt_ministairs_10
D:6:      layout_loops_ring, gammafunk_ghost_icy
D:7:      layout_basic, uniq_menkaure
D:8:      layout_loops_ring, david_lair_generic, ebering_ghost_inner_flame,
          nicolae_island_escapes, uniq_harold
D:9:      layout_loops_ring, grunt_ministairs_6
D:10:     gammafunk_jiyva_shrine, layout_irregular_city, hiddenorc1_lemuel,
          serial_shops, nicolae_shop_temple_entry_statues_fountains
D:11:     layout_gridville, nicolae_trove_entry_free_sample, uniq_fannar
D:12:     layout_rooms, jiyva_altar_1
Temple:   grunt_wide_crystal_templ
Lair:1:   layout_cave_pods, ebering_ghost_reflecting_pool
Lair:2:   layout_roguey, skrybe_swamp_entry_bodies,
          portal_ice_cave_entry_pillars_1, grunt_megastairs_1, uniq_urug
Lair:3:   beast_lair_carwin_large_1, layout_gridlike,
          ebering_ghost_funeral_grove, minivault_19, nzn_sisyphean_effort,
          uniq_gastronok
Lair:4:   layout_regular_city, spider_nest_entry_a, grunt_forest_stairs_basic,
          lemuel_fruit_tree
Lair:5:   layout_roguey, nicolae_slime_entry_slimehenge, st_stairs_4,
          cheibrodos_lair_lostbears, grunt_megastairs_2,
          infiniplex_staircase_pool
Lair:6:   hangedman_lair_tendril_chambers, layout_gridlike,
          nicolae_lair_yak_garden
Swamp:1:  layout_basic_swamp, hangedman_swamp_ruin_hall,
          nicolae_swamp_no_escape, uniq_roxanne, uniq_aizul
Swamp:2:  layout_falls_marsh, gammafunk_ghost_cemetery,
          nicolae_swamp_ascending_descending, infiniplex_staircase_pool_2
Swamp:3:  layout_basic_swamp, nicolae_swamp_well_well_well, swamp_pool3,
          uniq_mlioglotl, uniq_jorgrun
Swamp:4:  byrel_swamp_growth_death_and_undeath, layout_basic_swamp,
          nicolae_swamp_round_clearing, uniq_nikola
Spider:1: layout_chambers, guppyfry_spider_mini_3
Spider:2: layout_chambers, drop_trap, nicolae_spider_spiderdrome
Spider:3: layout_spider_delve
Spider:4: grunt_spider_rune_island, uniq_bai_suzhen
Orc:1:    layout_caves
Orc:2:    st_orc_congregation, layout_caves, serial_shops, nicolae_diamond_shop,
          uniq_josephine

Skill      XL: |  1  2  3  4  5  6  7  8  9 10 11 12 13 14 15 16 17 |
---------------+----------------------------------------------------+-----
Spellcasting   | 4 5 6 7 8 12 13 14 18 | 18.0
Conjurations   | 5 6 7 8 9 12 | 12.0
Hexes          | 2 5 7 8 9 12 | 12.0
Translocations | 2 4 5 7 8 9 10 | 10.8
Fighting       | 3 4 5 7 |  7.0
Shields        | 1 4 5 7 |  7.0
Dodging        | 7 8 9 12 | 12.0
Evocations     | 3 5 7 |  7.0
Stealth        | 3 7 9 |  9.0
Poison Magic   | 5 9 |  9.0
Earth Magic    | 7 9 12 | 12.0
Fire Magic     | 6 7 11 | 11.4
Transmutations | 4 5 |  5.0
Armour         | 5 |  5.0

Action                   |  1- 3 |  4- 6 |  7- 9 | 10-12 | 13-15 | 16-18 || total
-------------------------+-------+-------+-------+-------+-------+-------++-------
Melee: Staff             |       |       |       |       |     3 |    19 ||    22
       Rapier            |       |       |       |       |     1 |       ||     1
Throw: Dart              |       |     3 |     8 |     4 |     4 |       ||    19
       Boomerang         |       |       |       |     2 |    26 |       ||    28
       Stone             |       |       |       |     2 |    13 |       ||    15
 Cast: Magic Dart        |    67 |    36 |    12 |     3 |       |       ||   118
       Searing Ray       |     4 |    16 |    54 |    84 |    47 |       ||   205
       Fulminant Prism   |       |       |    17 |    53 |   206 |    26 ||   302
       Iskenderun's Myst |       |       |     8 |    24 |   110 |    50 ||   192
       Ignite Poison     |       |       |       |       |    99 |    61 ||   160
       Olgreb's Toxic Ra |       |       |       |       |    70 |    50 ||   120
       Stone Arrow       |       |       |       |       |   123 |    81 ||   204
       Iron Shot         |       |       |       |       |    20 |    80 ||   100
       Flame Wave        |       |       |       |       |     7 |    10 ||    17
       Fireball          |       |       |       |       |       |    21 ||    21
       Orb of Destructio |       |       |       |       |       |    56 ||    56
Evoke: Wand              |       |       |       |     3 |     6 |    12 ||    21
       Box of beasts     |       |       |       |       |       |     2 ||     2
  Use: Scroll            |       |     3 |     5 |    10 |    10 |     6 ||    34
       Potion            |       |       |       |     1 |     1 |     3 ||     5
 Stab: Invisible         |       |       |       |       |       |     1 ||     1
Armor: Robe              |     2 |     2 |    12 |    24 |    24 |    61 ||   125
Dodge: Dodged            |     4 |       |    37 |    53 |    97 |   229 ||   420
Block: Buckler           |       |       |     1 |    60 |    75 |   104 ||   240
       Reflection        |       |       |       |     4 |     3 |       ||     7

Table legend: (Time is in decaauts)
 A = Elapsed time spent in this place.
 B = Non-inter-level travel time spent in this place.
 C = Inter-level travel time spent in this place.
 D = Time resting spent in this place.
 E = Time spent auto-exploring this place.
 F = Levels seen in this place.
 G = Mean time per level.
                   A        B        C        D        E       F      G
               +--------+--------+--------+--------+--------+-----+--------+
         Total |  49981 |  47481 |   2500 |  24037 |  14165 |  30 | 1666.0 |
       Dungeon |  18671 |  17387 |   1284 |   8034 |   7072 |  12 | 1555.9 |
        Temple |     48 |     38 |     10 |     12 |     12 |   1 |   48.0 |
          Lair |  12466 |  11727 |    739 |   5788 |   3376 |   6 | 2077.7 |
         Swamp |   4211 |   4126 |     85 |   2263 |   1056 |   4 | 1052.8 |
   Spider Nest |   7989 |   7683 |    306 |   4044 |   2044 |   4 | 1997.2 |
  Orcish Mines |   3262 |   3189 |     73 |   1543 |    573 |   2 | 1631.0 |
      Ice Cave |   3332 |   3332 |      0 |   2353 |     32 |   1 | 3332.0 |
               +--------+--------+--------+--------+--------+-----+--------+

Top non-repeatable levels by time:
   IceCv: 3332 daAuts
  Lair:1: 3029 daAuts
    D:10: 2801 daAuts
  Lair:6: 2495 daAuts
Spider:4: 2418 daAuts
     D:4: 2356 daAuts
   Orc:2: 2355 daAuts
Spider:2: 2051 daAuts
     D:8: 1950 daAuts
  Lair:2: 1895 daAuts
Spider:1: 1828 daAuts
  Lair:4: 1801 daAuts
     D:5: 1792 daAuts
     D:7: 1772 daAuts
  Lair:5: 1695 daAuts
